 Dungeon Crawl Stone Soup version 0.30-a0-883-g5ad918d77d (webtiles) character file.

Game seed: 15386225594878104759

1726 hikkokomori the Slasher (level 9, -6/71 HPs)
             Began as a Merfolk Gladiator on Mar 18, 2023.
             Was an Initiate of Okawaru.
             Mangled by a fire elemental (9 damage)
             ... summoned by a deep elf pyromancer
             ... on level 6 of the Dungeon.
             The game lasted 00:12:29 (6842 turns).

hikkokomori the Slasher (Merfolk Gladiator)         Turns: 6842, Time: 00:12:30

Health: -6/71      AC:  7    Str: 20    XL:     9   Next: 4%
Magic:  12/12      EV: 14    Int:  7    God:    Okawaru [......]
Gold:   433        SH:  0    Dex: 20    Spells: 12/12 levels left

rFire   . . .      SeeInvis .    a - +1 long sword
rCold   . . .      Faith    .    (no shield)
rNeg    . . .      Spirit   .    b - +0 leather armour
rPois   .          Reflect  .    c - +0 helmet
rElec   .          Rampage  .    (no cloak)
rCorr   .                        k - +1 pair of gloves
Will    .....                    A - +0 pair of boots
Stlth   ++                       (no amulet)
HPRegen 0.31/turn                v - +6 ring of strength
MPRegen 0.13/turn                (no ring)

@: on fire, glowing
A: (nimble swimmer 2), mertail
a: Renounce Religion


You were on level 6 of the Dungeon.
You worshipped Okawaru.
Okawaru was noncommittal.
You visited 2 branches of the dungeon, and saw 7 of its levels.

You collected 433 gold pieces.

Inventory:

Hand Weapons
 a - a +1 long sword (weapon)
 m - a +1 vampiric short sword
Missiles
 e - a javelin (quivered)
Armour
 b - a +0 leather armour (worn)
 c - a +0 helmet (worn)
 k - a +1 pair of gloves (worn)
 A - a +0 pair of boots (worn)
Jewellery
 t - a ring of ice
 v - a +6 ring of strength (left hand)
 E - a +5 ring of evasion
Wands
 x - a wand of polymorph (6)
Scrolls
 g - a scroll of immolation {unknown}
 i - a scroll of butterflies {unknown}
 n - a scroll of brand weapon {unknown}
 o - 3 scrolls of blinking
 p - a scroll of enchant armour {unknown}
 q - 3 scrolls of enchant weapon
 r - a scroll of teleportation
 s - a scroll of fear
 y - 2 scrolls of noise
 B - a scroll of magic mapping {unknown}
 C - 2 scrolls of torment
Potions
 d - a potion of mutation
 f - a potion of lignification
 h - a potion of might
 j - 2 potions of degeneration
 l - a potion of haste
 u - a potion of cancellation
 w - a potion of ambrosia
 z - a potion of attraction
 D - a potion of flight {unknown}


   Skills:
 + Level 6.7 Fighting
 + Level 7.9 Long Blades
 - Level 2.0 Throwing
 + Level 2.3 Armour
 + Level 4.8 Dodging
 + Level 6.8 Stealth
 - Level 2.2 Spellcasting


You had 12 spell levels left.
You didn't know any spells.
Your spell library contained the following spells:

 Spells                   Type           Power      Damage    Failure   Level
 Foxfire                  Conj/Fire      0%         2x1d4     41%         1
 Magic Dart               Conj           0%         1d3       41%         1
 Poisonous Vapours        Pois/Air       0%         N/A       54%         2
 Searing Ray              Conj           0%         2d4       54%         2
 Static Discharge         Conj/Air       0%         2-2/arc   54%         2
 Fulminant Prism          Conj/Hex       0%         3d5       99%         4
 Fireball                 Conj/Fire      0%         3d3       100%        5
 Ignition                 Fire           0%         3d3       100%        8


Dungeon Overview and Level Annotations

Branches:
Dungeon (6/15)             Temple (1/1) D:5

Altars:
Ashenzari
Dithmenos
Elyvilon
Gozag
Kikubaaqudgha
Nemelex Xobeh
Okawaru
Qazlal
Ru
Uskayaw
Vehumet
Wu Jian
Xom
Yredelemnul
Zin

Shops:
D:1 [

Annotations:
D:5 1 runed translucent door, deadpool521's ghost, novice MiFi


Innate Abilities, Weirdness & Mutations

((You are very nimble when in or above water. (Stealth+, EV+, Speed+++)))
Your lower body shifts to a powerful aquatic tail in water.


Message History

The deep elf pyromancer is moderately wounded.
The deep elf pyromancer hits you but does no damage.
You slash the deep elf pyromancer!
The deep elf pyromancer is heavily wounded.
The deep elf pyromancer gestures wildly while chanting.
You barely miss the deep elf pyromancer.
The deep elf pyromancer is heavily wounded.
The deep elf pyromancer points at you and mumbles some strange words.
The sticky flame hits you.
You are covered in liquid flames!
You slash the deep elf pyromancer!
The deep elf pyromancer is severely wounded.
You are covered in liquid flames!
The fire elemental hits you. The fire elemental burns you!
The deep elf pyromancer hits you with a +0 short sword.
You miss the deep elf pyromancer.
The deep elf pyromancer is severely wounded.
You are covered in liquid flames!
The fire elemental closely misses you.
The deep elf pyromancer hits you with a +0 short sword.
You slash the deep elf pyromancer!
The deep elf pyromancer is almost dead.
You are covered in liquid flames!
The fire elemental hits you. The fire elemental burns you!
The deep elf pyromancer casts a spell.
The deep elf pyromancer blinks!
The fire elemental barely misses you.
You closely miss the deep elf pyromancer.
The deep elf pyromancer is almost dead.
The fire elemental hits you. The fire elemental burns you!
* * * LOW HITPOINT WARNING * * *
The deep elf pyromancer gestures at you while chanting.
The sticky flame hits you.
You are covered in liquid flames!
* * * LOW HITPOINT WARNING * * *
You miss the deep elf pyromancer.
The deep elf pyromancer is almost dead.
You are covered in liquid flames!
* * * LOW HITPOINT WARNING * * *
The fire elemental hits you. The fire elemental burns you!
You die...

.....'.....# .....#.....#
.....#.....#
##...#.....###########
##...##..............#
......+..###########.#
......#............#.#
......#.........e..#.#
##....#..8######@''#.#
.#....#........+E..#.##
.######<.......+...#..####
......##.......+8..#.....#
......#..8######+++#.....#
......#......... #....>#
......#......... #.....#
......'..###########.....#
#.....#..................#


You could see a deep elf pyromancer and a fire elemental (summoned).

Vanquished Creatures
  Sigmund (D:3)
  A wyvern (D:5)
  A water moccasin (D:5)
  An ice beast (D:4)
  2 ogres
  A boggart (D:5)
  A phantom (D:6)
  A bullfrog (D:4)
  A scorpion (D:5)
  A howler monkey (D:4)
  3 hounds
  2 jellies
  3 orc priests (D:6)
  3 sleepcaps
  Terence (D:3)
  2 orc wizards
  Natasha (twice) (D:3)
  3 iguanas
  6 adders
  4 gnolls (D:2)
  3 ufetubi
  3 worms
  2 dart slugs (D:1)
  8 orcs
  5 ball pythons (D:2)
  10 endoplasms
  13 giant cockroaches
  9 goblins
  11 hobgoblins
  4 jackals
  8 kobolds
  3 quokkas
  9 bats
  7 frilled lizards
  5 rats
140 creatures vanquished.

Notes
Turn   | Place    | Note
-------+----------+-------------------------------------------
     0 | D:1      | hikkokomori the Merfolk Gladiator began the quest for the
                  | Orb.
     0 | D:1      | Reached XP level 1. HP: 16/16 MP: 1/1
    25 | D:1      | Found Ugiut's Antique Armour Shop.
    57 | D:1      | Reached skill level 1 in Stealth
    57 | D:1      | Reached XP level 2. HP: 10/23 MP: 2/2
   287 | D:1      | Reached skill level 4 in Long Blades
   785 | D:1      | Reached XP level 3. HP: 27/28 MP: 3/3
   958 | D:2      | You fall into a shaft and drop 1 floor!
   960 | D:3      | Noticed Sigmund
   969 | D:3      | Killed Sigmund
   970 | D:3      | Reached skill level 5 in Long Blades
   970 | D:3      | Reached XP level 4. HP: 29/37 MP: 4/4
   970 | D:3      | Reached XP level 5. HP: 32/42 MP: 5/5
  1240 | D:2      | Reached XP level 6. HP: 48/48 MP: 6/6
  2253 | D:3      | Noticed Terence
  2258 | D:3      | Found a white marble altar of Elyvilon.
  2273 | D:3      | Killed Terence
  2554 | D:3      | Found a sparkling altar of Nemelex Xobeh.
  2791 | D:3      | Noticed Natasha
  2910 | D:3      | Killed Natasha
  2963 | D:3      | Noticed Natasha
  2984 | D:3      | Killed Natasha
  2985 | D:3      | Reached skill level 6 in Long Blades
  3218 | D:4      | Reached XP level 7. HP: 44/55 MP: 7/7
  3272 | D:4      | Found a sacrificial altar of Ru.
  3398 | D:4      | Reached skill level 5 in Fighting
  3515 | D:4      | Found a glowing drain.
  3716 | D:4      | Reached skill level 5 in Stealth
  4207 | D:5      | Entered Level 5 of the Dungeon
  4362 | D:5      | Got the Vademecum on Misty Hyperthermia
  4481 | D:5      | Found a broken altar of Ashenzari.
  4527 | D:5      | Reached skill level 7 in Long Blades
  4527 | D:5      | Reached skill level 1 in Spellcasting
  4527 | D:5      | Reached XP level 8. HP: 7/64 MP: 9/9
  4532 | D:5      | HP: 4/96 [poisoned by a scorpion]
  4805 | D:4      | Reached skill level 1 in Armour
  5005 | D:5      | Found a runed translucent door.
  5006 | D:5      | Noticed deadpool521's ghost (novice MiFi)
  5019 | D:5      | an ogre changed into a wyvern
  5019 | D:5      | Noticed a wyvern
  5024 | D:5      | Killed a wyvern
  5293 | D:5      | Noticed Eustachio
  5565 | D:5      | Found a staircase to the Ecumenical Temple.
  5614 | D:5      | Eustachio changed into Eustachio the boggart
  5614 | D:5      | Noticed Eustachio
  5632 | D:5      | HP: 2/64 [adder[Eustachio the boggart] (2)]
  5646 | D:5      | HP: 4/96 [acid[Eustachio the boggart] (1)]
  5648 | D:5      | Killed Eustachio the boggart
  5907 | Temple   | Entered the Ecumenical Temple
  6013 | Temple   | Became a worshipper of Warmaster Okawaru
  6338 | D:6      | Found a stormy altar of Qazlal.
  6340 | D:6      | Noticed a water elemental
  6340 | D:6      | Noticed an air elemental
  6423 | D:6      | Found a hide-covered altar of Uskayaw.
  6431 | D:6      | Identified the +0 quarterstaff "Iprinifi" {heavy, Str-3
                  | Int+5}
  6714 | D:6      | Reached XP level 9. HP: 61/71 MP: 12/12
  6833 | D:6      | Noticed a deep elf pyromancer
  6842 | D:6      | HP: 3/71 [burnt (5)]
  6842 | D:6      | Mangled by a fire elemental

Illustrated notes

Levels and vault maps discovered:
D:1:      minmay_arrival_nine_rooms, layout_loops_corners, serial_shops, shop
D:2:      minmay_door_path, layout_loops_ring
D:3:      minmay_roachtagon, layout_loops_ring, lemuel_crystal_altar,
          elyvilon_altar_5, nicolae_kite_square_tiling_tiny,
          grunt_ministairs_13, uniq_sigmund, uniq_terence, uniq_natasha
D:4:      layout_basic, nicolae_ru_great_annihilating_truth,
          portal_sewer_entry_d, minmay_misc_feat_plants
D:5:      layout_cave_pools, overflow_temple_1_default,
          lemuel_temple_firewalk_b, gammafunk_ghost_grave, uniq_eustachio
D:6:      kennysheep_steamy, layout_gridville, nicolae_qazlal_style_of_elements,
          nicolae_uskayaw_dance_hall, guppyfry_early_elven_hall
Temple:   jpeg_temple_island

Skill      XL: |  1  2  3  4  5  6  7  8 |
---------------+-------------------------+-----
Stealth        | 1 3 4 5 6 |  6.8
Long Blades    | 4 5 6 7 |  7.9
Fighting       | 4 5 6 |  6.7
Spellcasting   | 1 2 |  2.2
Armour         | 2 |  2.3
Throwing       | |  2.0
Dodging        | |  4.8

Action                     |  1- 3 |  4- 6 |  7- 9 || total
---------------------------+-------+-------+-------++-------
  Melee: Long sword        |    55 |   201 |   262 ||   518
         Punch             |     1 |     2 |     5 ||     8
         Unarmed           |       |    15 |       ||    15
  Throw: Throwing net      |     1 |     3 |     3 ||     7
         Javelin           |       |     1 |     2 ||     3
  Evoke: Wand              |       |       |     6 ||     6
    Use: Scroll            |       |     1 |    13 ||    14
         Potion            |       |       |     5 ||     5
   Stab: Sleeping          |     2 |    11 |     1 ||    14
         Distracted        |       |     2 |       ||     2
         Held in net/web   |       |     1 |     1 ||     2
         Paralysed         |       |       |     1 ||     1
 Armour: Leather armour    |    26 |    73 |    97 ||   196
         Skin              |       |       |    15 ||    15
  Dodge: Dodged            |    47 |   160 |   237 ||   444

Table legend: (Time is in decaauts)
 A = Elapsed time spent in this place.
 B = Non-inter-level travel time spent in this place.
 C = Inter-level travel time spent in this place.
 D = Time resting spent in this place.
 E = Time spent auto-exploring this place.
 F = Levels seen in this place.
 G = Mean time per level.
                   A        B        C        D        E       F      G
               +--------+--------+--------+--------+--------+-----+--------+
         Total |   6799 |   6470 |    329 |    821 |   4323 |   7 |  971.3 |
       Dungeon |   6589 |   6288 |    301 |    821 |   4151 |   6 | 1098.2 |
        Temple |    209 |    182 |     27 |      0 |    172 |   1 |  209.0 |
               +--------+--------+--------+--------+--------+-----+--------+

Top non-repeatable levels by time:
     D:5: 1588 daAuts
     D:4: 1226 daAuts
     D:2: 1141 daAuts
     D:3: 1053 daAuts
     D:1: 960 daAuts
     D:6: 619 daAuts
  Temple: 209 daAuts
